[Event "ICC tourney 2469 (30 10)"]
[Site "Internet Chess Club"]
[Date "2021.03.21"]
[Round "2"]
[White "YANG, LUCAS:brawnykazoo"]
[Black "GUO, RYAN:SMILERG"]
[Result "0-1"]
[ICCResult "White resigns"]
[WhiteElo "1098"]
[BlackElo "1282"]
[Opening "Four knights: Scotch, 4...exd4"]
[ECO "C47"]
[NIC "KP.06"]
[Time "13:02:07"]
[PlyCount "96"]
[TimeControl "1800+10"]

1. e4 e5 2. Nf3 Nc6 3. Nc3 Nf6 4. d4 exd4 5. Nxd4 Bc5 6. Be3 Bb6 7. Bc4 O-O
8. O-O d6 9. Nxc6 bxc6 10. Bxb6 cxb6 11. a4 Be6 12. Bxe6 fxe6 13. Re1 d5
14. e5 Nd7 15. Qg4 Qe7 16. Ne2 Nxe5 17. Qg3 Qf6 18. Nd4 Nc4 19. Nxe6 Rfe8
20. Nc7 Rxe1+ 21. Rxe1 Rc8 22. b3 Nd2 23. h3 Ne4 24. Rxe4 dxe4 25. Na6 Qb2
26. Qg4 Rf8 27. Qe6+ Kh8 28. Qxe4 Qc1+ 29. Kh2 Qf4+ 30. Qxf4 Rxf4 31. Kg3
Rd4 32. Nb8 c5 33. Nc6 Rd7 34. Ne5 Rd2 35. Nc6 Rxc2 36. Nxa7 Rc3+ 37. Kf4
Rxb3 38. Nc8 c4 39. Ke4 c3 40. Kd3 Rb1 41. Kxc3 Rc1+ 42. Kd4 Rxc8 43. Kd5
Rc2 44. f4 Rxg2 45. Kc6 Ra2 46. Kb5 Kg8 47. Kxb6 Rxa4 48. f5 Rh4 { White
resigns } 0-1

[Event "ICC tourney 2469 (30 10)"]
[Site "Internet Chess Club"]
[Date "2021.03.21"]
[Round "2"]
[White "CAI, ALAN ZHUOCHENG:flying-ninja"]
[Black "JING, ANDREW:andrewj508"]
[Result "1/2-1/2"]
[ICCResult "Game drawn by mutual agreement"]
[WhiteElo "1260"]
[BlackElo "1312"]
[Opening "French: Winawer (Nimzovich) variation"]
[ECO "C15"]
[NIC "FR.08"]
[Time "13:01:31"]
[PlyCount "148"]
[TimeControl "1800+10"]

1. e4 e6 2. d4 d5 3. Nc3 Bb4 4. Bd3 dxe4 5. Bxe4 Nf6 6. Bf3 O-O 7. Ne2 Nc6
8. O-O Bd6 9. d5 exd5 10. Nxd5 Ne5 11. Nec3 Nxf3+ 12. Qxf3 Ng4 13. Bf4 Qh4
14. h3 Ne5 15. Qg3 Qxg3 16. Bxg3 f6 17. Nb5 c6 18. Nxf6+ Rxf6 19. Nxd6 Rxd6
20. Bxe5 Rd2 21. c4 Bf5 22. Rfe1 Rad8 23. Bc3 R2d7 24. Re5 Bd3 25. c5 Bg6
26. Rae1 Kf8 27. Kh2 Rf7 28. f3 Rfd7 29. Ba5 Rc8 30. Kg3 Bf7 31. a3 Bd5 32.
Bc3 Rf7 33. Bd2 a6 34. Bf4 h6 35. R5e3 Rd7 36. Bd6+ Kg8 37. Re7 Rcd8 38.
Kh4 b6 39. Rxd7 Rxd7 40. b4 bxc5 41. Bxc5 Kf7 42. Kg4 Bc4 43. Kf5 Bb5 44.
Re5 Bd3+ 45. Kf4 Bb5 46. h4 Kf6 47. g4 Kf7 48. g5 hxg5+ 49. Kxg5 Rb7 50. f4
Rd7 51. Re3 Rd5+ 52. Kg4 Rd7 53. f5 Kf6 54. Re6+ Kf7 55. Rd6 Re7 56. Bd4
Re4+ 57. Kg5 Re7 58. f6 gxf6+ 59. Rxf6+ Ke8 60. h5 Rd7 61. Rf4 Rh7 62. h6
Kd7 63. Kg6 Bd3+ 64. Kg5 Ke6 65. Rf6+ Kd5 66. Bc5 Be4 67. Rf8 Kc4 68. Rg8
Kb3 69. Rg7 Kxa3 70. Rxh7 Bxh7 71. Kf6 Ka4 72. Kg7 Bb1 73. h7 Bxh7 74. Kxh7
a5 { Game drawn by mutual agreement } 1/2-1/2

[Event "ICC tourney 2469 (30 10)"]
[Site "Internet Chess Club"]
[Date "2021.03.21"]
[Round "2"]
[White "BENDRE, KAVIN ANUP:kbendre"]
[Black "HU, ANGELA:AngelaIL203"]
[Result "0-1"]
[ICCResult "White checkmated"]
[WhiteElo "1312"]
[BlackElo "1228"]
[Opening "Vienna gambit"]
[ECO "C29"]
[NIC "VG.04"]
[Time "13:01:32"]
[PlyCount "90"]
[TimeControl "1800+10"]

1. e4 e5 2. Nc3 Nf6 3. f4 d6 4. fxe5 dxe5 5. Nf3 Nc6 6. Bb5 Bd7 7. Bxc6
Bxc6 8. d3 Bd6 9. O-O O-O 10. Be3 h6 11. h3 Qd7 12. Qe1 Rfe8 13. Nh4 Kh7
14. Nf5 b6 15. Kh1 Bb7 16. Qh4 Ng8 17. Rf3 Be7 18. Qg3 Bf6 19. Raf1 c6 20.
Nh4 g6 21. Rxf6 Nxf6 22. Rxf6 Re6 23. Rxe6 Qxe6 24. Nf3 f6 25. d4 exd4 26.
Nxd4 Qe5 27. Qh4 g5 28. Qh5 Qe8 29. Qg4 h5 30. Qf5+ Qg6 31. Qd7+ Qg7 32.
Qxg7+ Kxg7 33. Nf5+ Kf8 34. Bd4 g4 35. hxg4 hxg4 36. Bxf6 Kf7 37. Nd6+ Kxf6
38. Nxb7 Ke6 39. Ne2 Rb8 40. Nd4+ Kd7 41. Nd6 Kxd6 42. e5+ Kd5 43. c3 Rf8
44. e6 g3 45. e7 Rf1# { White checkmated } 0-1

[Event "ICC tourney 2469 (30 10)"]
[Site "Internet Chess Club"]
[Date "2021.03.21"]
[Round "2"]
[White "SALAZAR, LUIS:zarman"]
[Black "WU, EVERETT:EW2006"]
[Result "0-1"]
[ICCResult "White checkmated"]
[WhiteElo "1271"]
[BlackElo "1376"]
[Opening "English: Carls' Bremen system"]
[ECO "A22"]
[NIC "EO.10"]
[Time "13:01:47"]
[PlyCount "126"]
[TimeControl "1800+10"]

1. c4 e5 2. Nc3 Nf6 3. g3 Bc5 4. Bg2 c6 5. e4 d6 6. a3 a5 7. Nge2 Qb6 8.
O-O Ng4 9. Qe1 Qb3 10. d3 Qc2 11. Qd2 Qxd2 12. Bxd2 O-O 13. h3 Nf6 14. Kh2
Na6 15. f4 h6 16. Na4 b5 17. cxb5 cxb5 18. Nac3 b4 19. axb4 axb4 20. Nd5
Nxd5 21. exd5 exf4 22. d4 fxg3+ 23. Kxg3 Bb6 24. Bxb4 Rd8 25. Bc3 Nc7 26.
Rxa8 Nxa8 27. Ra1 Nc7 28. Ba5 Bxa5 29. Rxa5 Ba6 30. Nc3 Rb8 31. Ne4 Rb3+
32. Kh2 Rxb2 33. Kg1 Rb1+ 34. Kh2 Rb6 35. Nc3 g5 36. Ne4 Kg7 37. Ng3 Rb2
38. Kg1 Bd3 39. Ra3 Bg6 40. Rc3 Nb5 41. Rc6 f5 42. Rb6 f4 43. Ne4 Rxg2+ 44.
Kxg2 Bxe4+ 45. Kf2 Bd3 46. Kf3 Nxd4+ 47. Kf2 Nf5 48. Rb7+ Kf6 49. Rb8 Ke5
50. Ra8 Kxd5 51. Ra5+ Ke4 52. Ra4+ Nd4 53. Ra7 Kd5 54. Ra5+ Ke6 55. Ra3 Bf5
56. Ra4 Ke5 57. Ra5+ d5 58. Ra6 Bxh3 59. Rxh6 g4 60. Rh5+ Ke4 61. Rh8 g3+
62. Kg1 Nf3+ 63. Kh1 g2# { White checkmated } 0-1

[Event "ICC tourney 2469 (30 10)"]
[Site "Internet Chess Club"]
[Date "2021.03.21"]
[Round "2"]
[White "MURUGAN AYYAPPAN, ADHIRAIYAN:adma2028"]
[Black "DHURJATI, ANAGHA:amdink"]
[Result "1-0"]
[ICCResult "Black checkmated"]
[WhiteElo "1416"]
[BlackElo "1264"]
[Opening "Queen's bishop game"]
[ECO "A45"]
[NIC "QP.07"]
[Time "13:01:34"]
[PlyCount "145"]
[TimeControl "1800+10"]

1. d4 Nf6 2. Bf4 d5 3. Nf3 Nc6 4. e3 Bf5 5. Bd3 Bxd3 6. cxd3 e6 7. Nc3 Bb4
8. a3 Bd6 9. Ne5 Bxe5 10. dxe5 Nd7 11. d4 O-O 12. Qg4 Ne7 13. Bg5 Qe8 14.
h4 Nf5 15. h5 f6 16. exf6 Nxf6 17. Bxf6 Rxf6 18. Qe2 c6 19. g4 Nd6 20. f3
Qf7 21. f4 Nc4 22. g5 Rf5 23. b3 Na5 24. b4 Nc4 25. b5 Qf8 26. bxc6 bxc6
27. g6 h6 28. a4 Rb8 29. Ra2 Qb4 30. Rc2 Na3 31. Rc1 Nb1 32. Qd3 Nxc3 33.
Rxc3 Qb1+ 34. Qd1 Qe4 35. Kf2 Rb2+ 36. Kg3 Rg2+ 37. Kh3 Rf2 38. Rg1 Rf3+
39. Rg3 Rxh5+ 40. Kg4 Rxg3+ 41. Kxg3 Qxg6+ 42. Qg4 Qxg4+ 43. Kxg4 Rh1 44.
Rxc6 Kf7 45. Rc7+ Kf6 46. Rxa7 h5+ 47. Kf3 Rg1 48. Ra8 g6 49. a5 h4 50. Rh8
Rg3+ 51. Kf2 Rg4 52. a6 Kg7 53. Rc8 h3 54. a7 h2 55. Rc1 g5 56. fxg5 e5 57.
a8=Q e4 58. Qb7+ Kg6 59. Qc6+ Kxg5 60. Qxd5+ Kh4 61. Qd8+ Rg5 62. Qxg5+
Kxg5 63. Rh1 Kf5 64. Rxh2 Ke6 65. Rh5 Kd6 66. d5 Ke7 67. Kg3 Kd6 68. Kf4
Ke7 69. Ke5 Kd7 70. Rh7+ Ke8 71. Kf6 Kd8 72. Ke6 Ke8 73. Rh8# { Black
checkmated } 1-0

[Event "ICC tourney 2469 (30 10)"]
[Site "Internet Chess Club"]
[Date "2021.03.21"]
[Round "2"]
[White "Kanapuram, Pranav:PKDEEZYEEZY"]
[Black "McQuillin, Danil Alsandair:DanilMcQuillin"]
[Result "1-0"]
[ICCResult "Black checkmated"]
[WhiteElo "1353"]
[BlackElo "1193"]
[Opening "QGD: Harrwitz attack"]
[ECO "D30"]
[NIC "QP.08"]
[Time "13:01:33"]
[PlyCount "73"]
[TimeControl "1800+10"]

1. d4 d5 2. c4 e6 3. Bf4 Nf6 4. Nc3 Bd6 5. Bxd6 Qxd6 6. e3 O-O 7. cxd5 exd5
8. Bd3 a6 9. h3 c5 10. dxc5 Qxc5 11. Nf3 Nc6 12. O-O Re8 13. a3 Be6 14. Rc1
Qd6 15. Ne2 Ne5 16. Nxe5 Qxe5 17. Nd4 Rac8 18. Qb3 Rb8 19. Rc2 Ne4 20. Nxe6
fxe6 21. Bxe4 Qxe4 22. Rfc1 b5 23. Rc7 a5 24. Qc3 e5 25. Qxa5 d4 26. Qb4
Qd3 27. exd4 exd4 28. Rd7 Rbd8 29. Rxd8 Rxd8 30. Qe7 Ra8 31. Qe6+ Kf8 32.
Qd6+ Ke8 33. Qc6+ Kf7 34. Qxa8 Qd2 35. Qf3+ Kg6 36. Rc6+ Kg5 37. Qg4# {
Black checkmated } 1-0

[Event "ICC tourney 2469 (30 10)"]
[Site "Internet Chess Club"]
[Date "2021.03.21"]
[Round "2"]
[White "NGUYEN, TRINH TRONG:JackNguyen"]
[Black "HSIAO, OLIVER:OliverHsiao"]
[Result "1/2-1/2"]
[ICCResult "Game drawn by repetition"]
[WhiteElo "1388"]
[BlackElo "1249"]
[Opening "Queen's pawn, Mason variation"]
[ECO "D00"]
[NIC "QP.08"]
[Time "13:01:43"]
[PlyCount "143"]
[TimeControl "1800+10"]

1. d4 d5 2. Bf4 Bf5 3. e3 Nf6 4. Nd2 Nc6 5. c3 e6 6. Bb5 Bd6 7. Qa4 Qd7 8.
Ngf3 Bxf4 9. exf4 Qd6 10. Ne5 O-O 11. Bxc6 bxc6 12. Qxc6 Rab8 13. b3 Rb6
14. Qxd6 Rxd6 15. O-O Ne4 16. Nxe4 Bxe4 17. f3 Bg6 18. Rfd1 Rb8 19. Rd2 Ra6
20. Rc1 f6 21. Nxg6 hxg6 22. c4 Rc6 23. Rdc2 dxc4 24. Rxc4 Rxc4 25. Rxc4
Rb7 26. Kf2 Kf7 27. Ke3 Ke7 28. Ke4 Kd6 29. Rc5 f5+ 30. Ke3 c6 31. g4 Rb6
32. h4 Ra6 33. Rc2 Ra5 34. Rg2 c5 35. Rc2 cxd4+ 36. Kxd4 Rd5+ 37. Ke3 e5
38. Rd2 exf4+ 39. Ke2 fxg4 40. fxg4 Rxd2+ 41. Kxd2 Kc5 42. a3 Kd4 43. a4 f3
44. a5 f2 45. Ke2 Kc3 46. Kxf2 Kxb3 47. Kf3 Ka4 48. Kf4 Kxa5 49. Kg5 Kb5
50. Kxg6 a5 51. Kxg7 a4 52. h5 a3 53. h6 a2 54. h7 a1=Q+ 55. Kg8 Qa8+ 56.
Kg7 Qb7+ 57. Kg6 Qc8 58. Kg7 Qxg4+ 59. Kf8 Qh5 60. Kg7 Qe5+ 61. Kg8 Qe6+
62. Kg7 Qe7+ 63. Kg8 Qe8+ 64. Kg7 Qe7+ 65. Kg8 Qe8+ 66. Kg7 Qe7+ 67. Kg8
Qe8+ 68. Kg7 Qe7+ 69. Kg8 Qe8+ 70. Kg7 Qe7+ 71. Kg8 Qe8+ 72. Kg7 { Game
drawn by repetition } 1/2-1/2

[Event "ICC tourney 2469 (30 10)"]
[Site "Internet Chess Club"]
[Date "2021.03.21"]
[Round "2"]
[White "Peckham, Duncan:Duncanp123"]
[Black "XIE, CHARLES:charlestxie"]
[Result "1-0"]
[ICCResult "Black resigns"]
[WhiteElo "1327"]
[BlackElo "1421"]
[Opening "French: advance, Milner-Barry gambit"]
[ECO "C02"]
[NIC "FR.03"]
[Time "13:01:35"]
[PlyCount "75"]
[TimeControl "1800+10"]

1. e4 e6 2. d4 d5 3. e5 c5 4. c3 Nc6 5. Nf3 Qb6 6. Bd3 Bd7 7. dxc5 Bxc5 8.
O-O Qc7 9. b4 Bb6 10. Re1 Nge7 11. b5 Na5 12. Bg5 Ng6 13. Qc2 Nc4 14. Bxc4
Qxc4 15. a4 Rc8 16. a5 Bc7 17. Na3 Qg4 18. h3 Qh5 19. b6 axb6 20. axb6 Bxb6
21. Kh2 Ne7 22. Be3 Bxe3 23. Rxe3 Qg6 24. Qb3 Nf5 25. Ree1 Bc6 26. Nb5 O-O
27. Nfd4 Nxd4 28. cxd4 Bxb5 29. Qxb5 Rc4 30. Qxb7 Rxd4 31. Ra8 f5 32. Rxf8+
Kxf8 33. Qc8+ Kf7 34. Qb7+ Kf8 35. Ra1 Qe8 36. Ra8 Qxa8 37. Qxa8+ Kf7 38.
Qa7+ { Black resigns } 1-0

[Event "ICC tourney 2469 (30 10)"]
[Site "Internet Chess Club"]
[Date "2021.03.21"]
[Round "3"]
[White "PARK, COLIN:collywog"]
[Black "CAI, ALAN ZHUOCHENG:flying-ninja"]
[Result "0-1"]
[ICCResult "White resigns"]
[WhiteElo "1131"]
[BlackElo "1260"]
[Opening "Sicilian: Sozin, Leonhardt variation"]
[ECO "B88"]
[NIC "SI.26"]
[Time "15:03:11"]
[PlyCount "64"]
[TimeControl "1800+10"]

1. e4 c5 2. Nf3 d6 3. Nc3 Nc6 4. Bc4 e6 5. d4 cxd4 6. Nxd4 Nf6 7. Bb5 Bd7
8. Nxc6 Bxc6 9. Bf4 Bxb5 10. Nxb5 Nxe4 11. Qf3 Qa5+ 12. Nc3 d5 13. Bd2 Nxd2
14. Kxd2 d4 15. Qxb7 dxc3+ 16. bxc3 Rd8+ 17. Ke2 Qd5 18. Qxd5 exd5 19. Rab1
Bc5 20. Rb7 O-O 21. Kf3 Rfe8 22. Rc7 Bb6 23. Rb7 Re6 24. Rd1 Kf8 25. Kf4
Re2 26. Kg3 Rxc2 27. Rd3 Bxf2+ 28. Kf3 Bb6 29. Kf4 Rxa2 30. Ke5 Re2+ 31.
Kf4 Rxg2 32. c4 d4 { White resigns } 0-1

[Event "ICC tourney 2469 (30 10)"]
[Site "Internet Chess Club"]
[Date "2021.03.21"]
[Round "3"]
[White "WU, EVERETT:EW2006"]
[Black "Kanapuram, Pranav:PKDEEZYEEZY"]
[Result "1/2-1/2"]
[ICCResult "Game drawn by mutual agreement"]
[WhiteElo "1376"]
[BlackElo "1353"]
[Opening "Queen's pawn, Mason variation, Steinitz counter-gambit"]
[ECO "D00"]
[NIC "QP.08"]
[Time "15:03:16"]
[PlyCount "31"]
[TimeControl "1800+10"]

1. d4 d5 2. Bf4 c5 3. e3 cxd4 4. exd4 Bf5 5. Bd3 Bxd3 6. Qxd3 Nc6 7. c3 Nf6
8. Nf3 e6 9. Ne5 Bd6 10. O-O Qc7 11. Qe2 Nd7 12. Re1 O-O 13. Nxd7 Qxd7 14.
Bxd6 Qxd6 15. Nd2 Rac8 16. Rad1 { Game drawn by mutual agreement } 1/2-1/2

[Event "ICC tourney 2469 (30 10)"]
[Site "Internet Chess Club"]
[Date "2021.03.21"]
[Round "3"]
[White "Ramkumar, Nikhil:nikhilramkumar"]
[Black "XIE, CHARLES:charlestxie"]
[Result "0-1"]
[ICCResult "White checkmated"]
[WhiteElo "569"]
[BlackElo "1421"]
[Opening "Bird's opening"]
[ECO "A03"]
[NIC "VO.07"]
[Time "15:03:12"]
[PlyCount "34"]
[TimeControl "1800+10"]

1. f4 d5 2. Nf3 Nf6 3. h3 e6 4. d4 c5 5. c4 cxd4 6. e3 dxe3 7. Bxe3 Nc6 8.
Nc3 Bb4 9. cxd5 Nxd5 10. Bd2 O-O 11. Nxd5 Qxd5 12. Bxb4 Qe4+ 13. Be2 Qxb4+
14. Qd2 Qe4 15. g4 Rd8 16. Qc3 Nd4 17. Rc1 Qxe2# { White checkmated } 0-1

[Event "ICC tourney 2469 (30 10)"]
[Site "Internet Chess Club"]
[Date "2021.03.21"]
[Round "3"]
[White "McQuillin, Danil Alsandair:DanilMcQuillin"]
[Black "BENDRE, KAVIN ANUP:kbendre"]
[Result "1-0"]
[ICCResult "Black checkmated"]
[WhiteElo "1193"]
[BlackElo "1312"]
[Opening "QGD Slav defense: exchange variation"]
[ECO "D10"]
[NIC "SL.01"]
[Time "15:03:17"]
[PlyCount "95"]
[TimeControl "1800+10"]

1. c4 c6 2. d4 d5 3. cxd5 cxd5 4. Bf4 Nf6 5. Nc3 Bf5 6. e3 Nc6 7. Nf3 e6 8.
Bb5 Bb4 9. Qa4 Rc8 10. Bxc6+ Rxc6 11. Qxb4 Rb6 12. Qa4+ Nd7 13. Nb5 O-O 14.
Bc7 Ra6 15. Qxa6 bxa6 16. Bxd8 Rxd8 17. Nd6 Bg6 18. O-O Nb6 19. Nb7 Rc8 20.
Rfc1 Rxc1+ 21. Rxc1 Nc4 22. Ne5 h6 23. Nxc4 dxc4 24. Rxc4 Kh7 25. Ra4 Be4
26. Nc5 Bd5 27. Rxa6 Kg6 28. Rxa7 Kf6 29. Nd7+ Kg6 30. Ne5+ Kh7 31. b4 f6
32. Nd7 Kg8 33. b5 Bc4 34. b6 Bd5 35. b7 Bxb7 36. Rxb7 Kf7 37. Ne5+ Ke8 38.
Nc6 Kf8 39. a4 Kg8 40. a5 Kh7 41. a6 f5 42. a7 Kg6 43. a8=Q Kh7 44. Qf8 Kg6
45. Qxg7+ Kh5 46. Ne5 Kh4 47. g3+ Kh5 48. Qg6# { Black checkmated } 1-0

[Event "ICC tourney 2469 (30 10)"]
[Site "Internet Chess Club"]
[Date "2021.03.21"]
[Round "3"]
[White "DHURJATI, ANAGHA:amdink"]
[Black "YANG, LUCAS:brawnykazoo"]
[Result "0-1"]
[ICCResult "White resigns"]
[WhiteElo "1264"]
[BlackElo "1098"]
[Opening "Two knights defense"]
[ECO "C58"]
[NIC "KP.01"]
[Time "15:03:16"]
[PlyCount "85"]
[TimeControl "1800+10"]

1. e4 e5 2. Nf3 Nc6 3. Bc4 Nf6 4. Ng5 d5 5. exd5 Na5 6. Bb5+ c6 7. dxc6
bxc6 8. Bd3 Nd5 9. O-O Qxg5 10. Nc3 Bd6 11. Ne4 Qe7 12. c4 Nf4 13. Be2 O-O
14. c5 Bxc5 15. Nxc5 Qxc5 16. d4 Qxd4 17. Bxf4 Qxf4 18. a3 Be6 19. Rc1 Rac8
20. b4 Nb3 21. Rc3 Nd4 22. Ba6 Rcd8 23. Qa4 Ne2+ 24. Bxe2 Qd2 25. Rc2 Qd4
26. h3 h6 27. Rd1 Qe4 28. Bf3 Rxd1+ 29. Bxd1 Qe1+ 30. Kh2 Qxd1 31. Qxc6 Qd4
32. b5 Rc8 33. Qxc8+ Bxc8 34. Rxc8+ Kh7 35. Rc2 Qe4 36. Rc7 Qf5 37. Rxa7
Qxf2 38. Rc7 e4 39. Rc6 e3 40. b6 e2 41. b7 Qf4+ 42. g3 Qf2+ 43. Kh1 {
White resigns } 0-1

[Event "ICC tourney 2469 (30 10)"]
[Site "Internet Chess Club"]
[Date "2021.03.21"]
[Round "3"]
[White "JING, ANDREW:andrewj508"]
[Black "NGUYEN, TRINH TRONG:JackNguyen"]
[Result "1/2-1/2"]
[ICCResult "Game drawn because neither player has mating material"]
[WhiteElo "1312"]
[BlackElo "1388"]
[Opening "Sicilian: closed"]
[ECO "B23"]
[NIC "SI.44"]
[Time "15:03:16"]
[PlyCount "117"]
[TimeControl "1800+10"]

1. e4 c5 2. Nc3 e6 3. d3 Nc6 4. f4 Nge7 5. g3 d5 6. Bg2 d4 7. Nce2 Bd7 8.
Nf3 Ng6 9. O-O Be7 10. h3 h5 11. h4 Qc7 12. Bd2 e5 13. f5 Nf8 14. Kh1 f6
15. Neg1 g6 16. Nh2 gxf5 17. exf5 e4 18. dxe4 Qxg3 19. Bf4 Qxh4 20. Qd2 Ne5
21. Nf3 Nxf3 22. Rxf3 Qg4 23. Rg3 Qxg3 24. Bxg3 h4 25. Bf4 Nh7 26. c3 dxc3
27. bxc3 Ng5 28. Bxg5 fxg5 29. Rd1 Rd8 30. Qc2 Bf6 31. Ng4 h3 32. Bf3 Be7
33. e5 Rf8 34. e6 Bxe6 35. Rxd8+ Bxd8 36. fxe6 Rxf3 37. Qg6+ Kf8 38. Qh6+
Ke8 39. Qh5+ Kf8 40. Nh6 Rf1+ 41. Kh2 Bc7+ 42. Kxh3 Rh1+ 43. Kg4 Rxh5 44.
Kxh5 Bf4 45. Kg6 Ke7 46. Kf5 b5 47. Ng8+ Ke8 48. e7 Bd6 49. Ke6 Bxe7 50.
Nxe7 a5 51. Nf5 b4 52. cxb4 cxb4 53. Kd5 a4 54. Kc4 b3 55. axb3 axb3 56.
Kxb3 Kf7 57. Kc4 Kf6 58. Ne3 g4 59. Nxg4+ { Game drawn because neither
player has mating material } 1/2-1/2

[Event "ICC tourney 2469 (30 10)"]
[Site "Internet Chess Club"]
[Date "2021.03.21"]
[Round "3"]
[White "GUO, RYAN:SMILERG"]
[Black "MURUGAN AYYAPPAN, ADHIRAIYAN:adma2028"]
[Result "0-1"]
[ICCResult "White resigns"]
[WhiteElo "1282"]
[BlackElo "1416"]
[Opening "Queen's pawn game"]
[ECO "D02"]
[NIC "QP.08"]
[Time "15:03:16"]
[PlyCount "86"]
[TimeControl "1800+10"]

1. d4 d5 2. Nf3 Bf5 3. Bf4 e6 4. e3 Bd6 5. Bg3 Nf6 6. Bd3 Bg6 7. c3 Ne4 8.
Nbd2 f5 9. Qc2 Nd7 10. O-O Ndf6 11. Ne5 Nxd2 12. Qxd2 Ne4 13. Qc2 Nxg3 14.
hxg3 Bxe5 15. dxe5 a6 16. g4 Qg5 17. gxf5 Bxf5 18. e4 dxe4 19. Bxe4 Bxe4
20. Qxe4 O-O-O 21. b4 Qf5 22. Qc4 Qxe5 23. Rfe1 Qd5 24. Qg4 Rde8 25. g3 g6
26. a4 Rhf8 27. c4 Qd2 28. Re2 Qxb4 29. Rxe6 Rxe6 30. Qxe6+ Kb8 31. Qe4 Qb2
32. Rf1 Qa2 33. Qe7 Rc8 34. Qb4 c5 35. Qb6 Qxa4 36. Rb1 Qc6 37. Qb2 a5 38.
Qa3 a4 39. Rb5 Re8 40. Qa1 b6 41. Kh2 g5 42. Qxa4 Re1 43. Kh3 h5 { White
resigns } 0-1

[Event "ICC tourney 2469 (30 10)"]
[Site "Internet Chess Club"]
[Date "2021.03.21"]
[Round "3"]
[White "SHEN, CHARLES:charlesshen"]
[Black "SALAZAR, LUIS:zarman"]
[Result "1-0"]
[ICCResult "Black checkmated"]
[WhiteElo "1058"]
[BlackElo "1271"]
[Opening "Latvian counter-gambit"]
[ECO "C40"]
[NIC "KP.09"]
[Time "15:03:17"]
[PlyCount "51"]
[TimeControl "1800+10"]

1. e4 e5 2. Nf3 f5 3. Nxe5 Qf6 4. Nc4 fxe4 5. Nc3 Qg6 6. d3 Nf6 7. dxe4
Nxe4 8. Qe2 d5 9. Nxd5 Bc5 10. Be3 Bxe3 11. Qxe3 O-O 12. Ne7+ Kh8 13. Nxg6+
hxg6 14. Qxe4 Bf5 15. Qxb7 Re8+ 16. Ne3 Be4 17. Qxc7 Nc6 18. Bb5 Rac8 19.
Bxc6 Bxc6 20. Qg3 Be4 21. O-O Bxc2 22. Nxc2 Rxc2 23. Qxg6 Rec8 24. Rad1
Rxb2 25. Rd7 Rg8 26. Qh5# { Black checkmated } 1-0

[Event "ICC tourney 2469 (30 10)"]
[Site "Internet Chess Club"]
[Date "2021.03.21"]
[Round "3"]
[White "HARVEY, JAMES Slade:JamesS"]
[Black "HUA, OLIVER:oxdidi"]
[Result "1-0"]
[ICCResult "Black checkmated"]
[WhiteElo "1406"]
[BlackElo "993"]
[Opening "Giuoco Piano"]
[ECO "C54"]
[NIC "IG.02"]
[Time "15:03:15"]
[PlyCount "149"]
[TimeControl "1800+10"]

1. e4 e5 2. Nf3 Nc6 3. Bc4 Bc5 4. c3 Nf6 5. d3 O-O 6. h3 h6 7. Bb3 d6 8.
Be3 Bxe3 9. fxe3 Bd7 10. Nbd2 Qe7 11. O-O Rfe8 12. Bc2 d5 13. exd5 Nxd5 14.
Qe2 Qc5 15. Rae1 Nf4 16. Qf2 Ng6 17. Ne4 Qb6 18. Nh2 Rf8 19. Bb3 Be6 20. c4
Rad8 21. Rd1 Nb4 22. d4 exd4 23. exd4 Qa6 24. d5 Bd7 25. Nc5 Qb6 26. Nxd7
Qxf2+ 27. Rxf2 Rxd7 28. a3 Na6 29. Ng4 Nc5 30. Bc2 Re8 31. b4 Ne4 32. Re2
Nd6 33. Rxe8+ Nxe8 34. c5 Nf4 35. Ba4 Rd8 36. Ne5 Nf6 37. d6 cxd6 38. cxd6
N4d5 39. d7 Nc3 40. Bb3 Nxd1 41. Bxd1 Nxd7 42. Nc4 Nb6 43. Be2 Nxc4 44.
Bxc4 Rd1+ 45. Kf2 Ra1 46. Bd5 b6 47. Ke3 Rxa3+ 48. Kd4 Ra2 49. Bxa2 a5 50.
bxa5 bxa5 51. Kc4 g5 52. Kb5 Kg7 53. Kxa5 f5 54. Be6 Kg6 55. Kb5 h5 56. Kc4
g4 57. hxg4 fxg4 58. Kd4 Kg5 59. Ke4 h4 60. Bd5 g3 61. Kf3 Kf5 62. Bb7 Kg5
63. Bc8 Kh5 64. Kf4 Kh6 65. Kg4 Kg6 66. Kxh4 Kg7 67. Kxg3 Kg8 68. Kh4 Kf8
69. Kh5 Kg8 70. g4 Kf8 71. Kh6 Kf7 72. g5 Kg8 73. g6 Kh8 74. g7+ Kg8 75.
Be6# { Black checkmated } 1-0

[Event "ICC tourney 2469 (30 10)"]
[Site "Internet Chess Club"]
[Date "2021.03.21"]
[Round "3"]
[White "DEL TORA, MIGUEL:mdeltoro11"]
[Black "LIU, TYLER:Tiger2010"]
[Result "1-0"]
[ICCResult "Black resigns"]
[WhiteElo "991"]
[BlackElo "746"]
[Opening "King's Indian: London system"]
[ECO "A45"]
[NIC "QP.07"]
[Time "15:03:18"]
[PlyCount "73"]
[TimeControl "1800+10"]

1. d4 Nf6 2. Bf4 g6 3. Nf3 d5 4. e3 Nc6 5. Bd3 Bg7 6. Nc3 Nb4 7. Nb5 O-O 8.
Nxc7 Rb8 9. Nb5 Nxd3+ 10. Qxd3 Bf5 11. Qb3 Rc8 12. c3 Ra8 13. O-O Ne4 14.
Nc7 Rb8 15. Nxd5 Rc8 16. Qxb7 Re8 17. Qb3 Be6 18. c4 Bxd5 19. cxd5 e6 20.
dxe6 Rxe6 21. d5 Rb6 22. Qd3 Nf6 23. e4 Rxb2 24. h3 Rb4 25. Rae1 Nh5 26.
Bd2 Rb2 27. a4 Qd6 28. e5 Nf4 29. Bxf4 Qe7 30. d6 Qe6 31. Ng5 Qd7 32. e6
fxe6 33. Nxe6 Bc3 34. Re3 Rd2 35. Qe4 Re8 36. Qc4 Rc8 37. Nc5+ { Black
resigns } 1-0

[Event "ICC tourney 2469 (30 10)"]
[Site "Internet Chess Club"]
[Date "2021.03.21"]
[Round "3"]
[White "PALCHEVSKIY, ANDREW:alexbelaya"]
[Black "Rubinstein, Samuel:samrubinstein"]
[Result "0-1"]
[ICCResult "White checkmated"]
[WhiteElo "1130"]
[BlackElo "1449"]
[Opening "Scandinavian (center counter) defense"]
[ECO "B01"]
[NIC "SD.01"]
[Time "15:03:14"]
[PlyCount "84"]
[TimeControl "1800+10"]

1. e4 d5 2. exd5 Qxd5 3. Nc3 Qa5 4. d4 c6 5. Bd2 Qc7 6. Nf3 Nf6 7. Bc4 Bf5
8. Ne5 e6 9. Bf4 Bd6 10. Qd2 Nbd7 11. Nxd7 Bxf4 12. Nxf6+ gxf6 13. Qe2
O-O-O 14. h4 Rxd4 15. g3 Rd2 16. Qf3 Qe5+ 17. Be2 Bh6 18. O-O Rhd8 19. Rac1
Bxc2 20. Rfe1 Bf5 21. g4 Rg8 22. Qg2 Qf4 23. f3 Bxg4 24. fxg4 f5 25. Rf1
Qd4+ 26. Kh1 Rxg4 27. Qf3 Rxh4+ 28. Kg2 Rg4+ 29. Kh3 Qf6 30. Qxg4 fxg4+ 31.
Bxg4 Qe5 32. Rh1 Qe3+ 33. Kh4 Qg5+ 34. Kh3 Rd3+ 35. Kg2 Qxg4+ 36. Kf2 Qf3+
37. Kg1 Bxc1 38. Rh2 Be3+ 39. Rf2 Bxf2+ 40. Kf1 Bg3+ 41. Kg1 Qf2+ 42. Kh1
Qh2# { White checkmated } 0-1

[Event "ICC tourney 2469 (30 10)"]
[Site "Internet Chess Club"]
[Date "2021.03.21"]
[Round "3"]
[White "HU, ANGELA:AngelaIL203"]
[Black "JACOBS, STEVE:Steviejay"]
[Result "1/2-1/2"]
[ICCResult "Game drawn by mutual agreement"]
[WhiteElo "1228"]
[BlackElo "1429"]
[Opening "Caro-Kann: Panov-Botvinnik attack"]
[ECO "B13"]
[NIC "CK.03"]
[Time "15:03:16"]
[PlyCount "69"]
[TimeControl "1800+10"]

1. e4 c6 2. d4 d5 3. exd5 cxd5 4. c4 Nf6 5. Nc3 Nc6 6. Nf3 Bg4 7. Be2 e6 8.
h3 Bxf3 9. Bxf3 Be7 10. O-O O-O 11. cxd5 Nxd5 12. Nxd5 exd5 13. Bf4 Bf6 14.
Be5 Nxe5 15. dxe5 Bxe5 16. Qxd5 Qxd5 17. Bxd5 Rfd8 18. Rad1 Bxb2 19. Bxb7
Rab8 20. Rxd8+ Rxd8 21. Rb1 Be5 22. Bf3 g6 23. Rb7 Rc8 24. g3 Rc3 25. Bd5
Rc7 26. Rxc7 Bxc7 27. Kf1 Kf8 28. Ke2 Ke7 29. Kd3 Kf6 30. f4 h5 31. h4 Ke7
32. Ke4 f5+ 33. Kf3 Kf6 34. Bb3 a5 35. a4 { Game drawn by mutual agreement
} 1/2-1/2